Map: Magannatha LE

Players

shadowXfox - Winner!

  • Race: Zerg Zerg
  • Spawn Location: 11:00

A.I. 1 (Medium)

  • Race: Protoss Protoss
  • Spawn Location: 5:00

VOD

Have the link to the VOD?

Description

Time

  • Played on: Aug. 22, 2025, 8:36 p.m.
  • Length: 10:27
Show
View Real Time Build Order
Export as new Build Order

shadowXfox Zerg - Winner!

Build Orders: Hatch First 

Get SALT Encoding   

  12  0:01  Drone  
  13  0:12  Drone  
  14  0:33  Hatchery  
  13  0:37  Drone  
  14  0:44  Overlord  
  14  1:02  Spawning Pool  
  13  1:05  Drone  
  14  1:13  Drone  
  14  1:14  Drone  
  16  1:29  Drone x2  
  18  1:33  Extractor  
  18  1:37  Extractor  
  16  1:40  Drone  
  16  1:46  Drone  
  18  1:49  Queen  
  18  1:53  Drone  
  21  2:00  Drone  
  22  2:03  Drone  
  23  2:15  Drone  
  24  2:21  Overlord  
  24  2:25  Queen  
  26  2:34  Drone  
  27  2:41  Drone x3  
  30  2:45  Drone  
  31  2:53  Queen  
  33  3:02  Drone  
  33  3:03  Drone x2  
  36  3:14  Roach Warren  
  36  3:15  Drone  
  36  3:17  Overlord x2  
  36  3:31  Overlord x2  
  36  3:47  Zergling x4  
  36  3:48  Zergling x8  
  42  3:59  Roach x4  
  50  4:25  Roach  
  50  4:26  Roach x8  
  68  4:36  Overlord  
  68  4:37  Overlord  
  68  4:42  Queen  
  68  4:55  Roach x2  
  68  4:56  Roach x3  
  78  5:06  Drone x5  
  83  5:10  Extractor  
  79  6:08  Drone x3  
  83  6:11  Drone x2  
  83  6:15  Overlord x2  
  84  6:23  Lair  
  76  7:25  Zergling x6  
  76  7:26  Zergling x24  
  85  7:37  Drone  
  85  7:43  Evolution Chamber, Glial Reconstitution  
  75  7:56  Queen  
  73  8:08  Roach x5  
  73  8:09  Nydus Network  
  77  8:32  Queen  
  64  9:19  Roach  
  64  9:20  Roach x6  
  78  9:42  Evolution Chamber  
  78  9:43  Infestation Pit  
  76  9:48  Overlord x4  
  76  10:11  Overseer x2  
  76  10:19  Nydus Canal  
Show
View Real Time Build Order
Export as new Build Order

A.I. 1 (Medium) Protoss 

Build Orders:  

Get SALT Encoding   

  12  0:00  Probe  
  13  0:13  Probe  
  14  0:19  Pylon  
  14  0:25  Probe  
  15  0:33  Probe  
  15  0:41  Probe  
  16  0:48  Assimilator  
  17  0:50  Gateway  
  17  0:51  Probe  
  18  0:58  Pylon  
  18  1:27  Gateway  
  18  1:32  Assimilator  
  18  1:36  Zealot  
  18  1:42  Cybernetics Core  
  20  2:01  Pylon, Zealot  
  22  2:20  Adept  
  22  2:21  Warp Gate  
  24  2:32  Adept  
  26  2:45  Probe  
  26  2:50  Adept  
  29  2:54  Pylon  
  29  2:57  Probe  
  30  3:02  Adept  
  32  3:06  Probe  
  33  3:14  Probe  
  33  3:17  Stalker  
  33  3:19  Forge  
  34  3:23  Probe  
  37  3:32  Adept  
  39  3:35  Probe  
  40  5:11  Stalker  
  40  5:12  Probe  
  40  5:14  Photon Cannon  
  43  5:15  Photon Cannon  
  43  5:17  Pylon  
  43  5:19  Robotics Facility  
  43  5:22  Stargate  
  43  5:24  Twilight Council, Gateway  
  43  5:25  Sentry  
  43  5:28  Forge  
  45  5:35  Probe  
  46  5:37  Pylon  
  46  5:39  Stalker  
  44  5:52  Stalker  
  34  6:06  Sentry  
  34  6:07  Observer  
  37  6:20  Sentry  
  37  6:22  Nexus  
  37  6:25  Observer  
  38  6:33  Zealot  
  32  6:40  Stalker  
  32  6:47  Zealot  
  30  6:55  Zealot  
  30  7:02  Void Ray  
  32  7:09  Zealot  
  27  7:17  Zealot  
  27  7:20  Probe  
  18  7:24  Zealot  
  17  7:31  Probe, Stalker  
  17  7:32  Probe  
  16  7:41  Void Ray  
  18  7:44  Probe  
  18  7:45  Probe  
  19  7:57  Probe  
  20  8:04  Probe  
  21  8:10  Probe  
  22  8:18  Probe  
  20  8:29  Probe  
  11  8:59  Probe  
  11  9:55  Probe  
Tags
 
Matchup
PvZ
Spawn Locations
Cross Positions
Add a new tag
Caveats
  • Supply blocks, unpowered buildings, or Contaminate may cause inaccurate times.
  • Supply counts are checked every 10 seconds.